 Dungeon Crawl Stone Soup version 0.31-a0-188-g5e087ee2ca (webtiles) character file.

Game seed: 124777948594070528

82 qw the Shooter (level 4, -1/25 HPs)
             Began as a Deep Elf Hunter on June 23, 2023.
             Slain by a gnoll
             ... wielding a +0 spear
              (2 damage)
             ... on level 3 of the Dungeon.
             The game lasted 00:00:33 (1564 turns).

qw the Shooter (Deep Elf Hunter)                    Turns: 1564, Time: 00:00:33

Health: -1/25      AC:  7    Str: 10    XL:     4   Next: 21%
Magic:  6/6        EV: 11    Int: 14    God:
Gold:   94         SH:  0    Dex: 18    Spells: 3/3 levels left

rFire   . . .        Y - +0 shortbow
rCold   . . .        (shield currently unavailable)
rNeg    . . .        a - +0 ring mail
rPois   .            (no helmet)
rElec   .            (no cloak)
rCorr   .            j - +0 pair of gloves
SInv    .            d - +0 pair of boots
Will    .....        (no amulet)
Stlth   +            (no ring)
HPRegen 0.24/turn    (no ring)
MPRegen 0.10/turn

%: no passive effects
@: no status effects
A: no striking features
a: no special abilities


You were on level 3 of the Dungeon.
You visited 1 branch of the dungeon, and saw 3 of its levels.

You collected 94 gold pieces.


   Skills:
 - Level 1.5 Fighting
 + Level 7.6 Ranged Weapons
 - Level 2.4 Dodging
 - Level 1.2 Stealth


You had 3 spell levels left.
You didn't know any spells.
Your spell library was empty.

Inventory:

Hand Weapons
 Y - a +0 shortbow (weapon)
Armour
 a - a +0 ring mail (worn)
 d - a +0 pair of boots (worn)
 j - a +0 pair of gloves (worn)
Scrolls
 i - a scroll of identify
Potions
 b - 2 potions of heal wounds {unknown}
 e - a potion of mutation {unknown}
 f - a potion of curing {unknown}
 g - a potion of magic {unknown}
 h - a potion of enlightenment {unknown}
 k - a potion of haste {unknown}

Dungeon Overview and Level Annotations

Branches:
Dungeon (3/15)

Altars:


Message History

The adder poisons you!
You shoot an arrow. The arrow closely misses the adder.
The arrow hits the gnoll but does no damage.
You feel sick. The adder bites you but does no damage.
The gnoll closely misses you. The adder bites you but does no damage.
You shoot an arrow. The arrow closely misses the adder.
The arrow barely misses the gnoll.
You feel sick.
The gnoll hits you from afar with a +0 spear.
The adder barely misses you.
The gnoll hits you from afar with a +0 spear.
You shoot an arrow. The arrow completely misses the adder.
The arrow hits the gnoll.
The gnoll is moderately wounded.
You feel sick.
The adder closely misses you. x2; The gnoll closely misses you.
You shoot an arrow. The arrow closely misses the adder.
The arrow barely misses the gnoll.
You feel sick.
You are no longer poisoned.
The adder closely misses you.
You shoot an arrow. The arrow hits the adder!
You kill the adder!
The gnoll closely misses you.
You shoot an arrow. The arrow hits the gnoll.
The gnoll is lightly wounded.
The gnoll barely misses you. The gnoll hits you but does no damage.
You shoot an arrow. The arrow hits the gnoll!
The gnoll is severely wounded.
The gnoll hits you with a +0 whip.
The gnoll hits you from afar with a +0 spear.
The gnoll misses you.
You shoot an arrow. The arrow closely misses the gnoll.
The arrow hits the gnoll but does no damage.
The gnoll is severely wounded.
The gnoll hits you from afar with a +0 spear.
The gnoll hits you with a +0 flail.
You shoot an arrow. The arrow hits the gnoll.
The gnoll is moderately wounded.
The gnoll hits you from afar with a +0 spear.
You die... .. .. #....#........ ....#. #....#...7... #...#.###....#...... ....... +....+...).# ..#.#.###....##.... #.#....#.....+ .gg

.....#.#.....###g#
#.#....%......##@####+#
.........##...........#
......#.#####....######
..##.##..# ###......#
#.##.##.... #..........
#.##.##.#... #.........#
..##.##..#.##........#.#
####.##.. ###...........
..# #.......####


You could see 3 gnolls.

Vanquished Creatures
  3 adders
  A worm (D:2)
  A dart slug (D:1)
  An orc (D:2)
  2 bats (D:1)
  5 endoplasms
  3 giant cockroaches
  4 goblins
  4 hobgoblins
  3 jackals (D:2)
  4 quokkas
  4 ball pythons
  2 frilled lizards (D:2)
  4 kobolds
  4 rats
45 creatures vanquished.

Notes
Turn   | Place    | Note
-------+----------+-------------------------------------------
     0 | D:1      | qw the Deep Elf Hunter began the quest for the Orb.
     0 | D:1      | Reached XP level 1. HP: 12/12 MP: 3/3
     0 | D:1      | 0 ||| qw: Version: 0.3-a-9-g12657ce
     0 | D:1      | 0 ||| qw: Game counter: 3933
     0 | D:1      | 0 ||| qw: Always use a shield: true
     0 | D:1      | 0 ||| qw: God list: Okawaru
     0 | D:1      | 0 ||| qw: Allow faded altars: false
     0 | D:1      | 0 ||| qw: Do Orc after D:15 true
     0 | D:1      | 0 ||| qw: Do second Lair branch before Depths: true
     0 | D:1      | 0 ||| qw: Lair rune preference: random
     0 | D:1      | 0 ||| qw: Plans: Normal
     0 | D:1      | 0 ||| PLANNING D:1-11
   334 | D:1      | Reached XP level 2. HP: 16/16 MP: 4/4
   384 | D:1      | Reached skill level 6 in Ranged Weapons
   832 | D:1      | Reached XP level 3. HP: 20/20 MP: 5/5
  1011 | D:1      | 1011 ||| UPGRADING to +0 pair of gloves.
  1016 | D:1      | 1016 ||| READING scroll labelled DEOKET NIPOURGH.
  1017 | D:1      | 1017 ||| READING scroll labelled ITZORR EJYUMOA.
  1018 | D:1      | 1018 ||| READING scroll labelled SYLAZE QIBLIA.
  1019 | D:1      | 1019 ||| READING scroll labelled BUEWULUHAR.
  1020 | D:1      | 1020 ||| DROPPING scroll of butterflies.
  1186 | D:2      | Reached skill level 7 in Ranged Weapons
  1407 | D:2      | Reached XP level 4. HP: 13/25 MP: 6/6
  1485 | D:2      | 1485 ||| UPGRADING to +0 ring mail.
  1495 | D:2      | 1495 ||| DROPPING +0 leather armour.
  1496 | D:2      | 1496 ||| UPGRADING to +0 pair of boots.
  1501 | D:2      | 1501 ||| READING scroll labelled QACESS KAT LOI.
  1562 | D:3      | HP: 6/25 [gnoll/+0 spear (4)]
  1563 | D:3      | HP: 1/25 [gnoll/+0 flail (2)]
  1564 | D:3      | Slain by a gnoll

Levels and vault maps discovered:
D:1:      dpeg_arrival_solitude, layout_loops_corners
D:2:      layout_rooms
D:3:      layout_basic, serial_shops, shop, grunt_ministairs_2,
          minmay_misc_feat_rugged, minmay_quadrilaterals,
          uniq_crazy_yiuf_cottage

Skill      XL: |  1  2  3 |
---------------+----------+-----
Ranged Weapons | 6 7 |  7.6
Fighting       | |  1.5
Dodging        | |  2.4
Stealth        | |  1.2

Action                     |  1- 3 |  4- 6 || total
---------------------------+-------+-------++-------
   Fire: Shortbow          |   101 |    20 ||   121
    Use: Scroll            |     4 |     1 ||     5
 Armour: Leather armour    |     5 |       ||     5
         Ring mail         |       |     6 ||     6
  Dodge: Dodged            |    18 |    12 ||    30

Table legend:
 A = Non-vault XP
 B = Vault XP
 C = Vault XP percentage of total XP
 D = Non-vault monster count
 E = Vault monster count
 F = Vault count percentage of total count
                 A         B        C        D         E       F
            +---------+---------+-------+---------+---------+-------
      Total |     102 |      16 |  13.6 |      43 |       2 |   4.4
            +---------+---------+-------+---------+---------+-------
        D:1 |      42 |       0 |   0.0 |      23 |       0 |   0.0
        D:2 |      56 |       0 |   0.0 |      17 |       0 |   0.0
        D:3 |       4 |      16 |  80.0 |       3 |       2 |  40.0
            +---------+---------+-------+---------+---------+-------
